 Dungeon Crawl Stone Soup version 0.31.0 (webtiles) character file.

Game seed: 2391005016381026695

70 gelatine the Ruffian (level 4, 0/32 HPs)
             Began as a Demonspawn Shapeshifter on Jan 19, 2024.
             Slain by a gnoll
             ... wielding a +0 spear
              (5 damage)
             ... on level 2 of the Dungeon.
             The game lasted 00:03:46 (1692 turns).

gelatine the Ruffian (Demonspawn Shapeshifter)      Turns: 1692, Time: 00:03:46

Health: 0/32       AC:  2    Str: 17    XL:     4   Next: 3%
Magic:  4/4        EV: 12    Int: 10    God:
Gold:   82         SH:  4    Dex: 12    Spells: 3/3 levels left

rFire   . .          .
                       - Unarmed
rCold   . . .        (no shield)
rNeg    . . .        a - +0 animal skin
rPois   .            (helmet currently unavailable)
rElec   .            (cloak currently unavailable)
rCorr   .            (gloves currently unavailable)
SInv    .            (boots currently unavailable)
Will    .....        o - amulet of the acrobat
Stlth   +            (no ring)
HPRegen 0.25/turn    (no ring)
MPRegen 0.09/turn

%: acrobat
@: beast-form
A: beast (slay +1), large bone plates 1, weakness stinger 1
a: Begin Untransformation


You were on level 2 of the Dungeon.
You were a hulking beast.
You visited 1 branch of the dungeon, and saw 2 of its levels.

You collected 82 gold pieces.

Inventory:

Armour
 a - a +0 animal skin (worn)
Jewellery
 o - an amulet of the acrobat (around neck)
Talismans
 c - a beast talisman
 d - a flux talisman
Scrolls
 e - a scroll of fog {unknown}
 f - a scroll of butterflies {unknown}
 h - a scroll of brand weapon {unknown}
 i - a scroll of noise {unknown}
 k - a scroll of blinking {unknown}
 m - a scroll of immolation {unknown}
Potions
 b - 2 potions of lignification
 g - a potion of enlightenment {unknown}
 j - a potion of berserk rage {unknown}
 l - a potion of might {unknown}
 n - a potion of cancellation {unknown}
 p - a potion of heal wounds {unknown}


   Skills:
 * Level 1.5 Fighting
 * Level 2.0 Dodging
 + Level 0.7 Stealth
 * Level 0.6 Shields
 * Level 3.4 Unarmed Combat
 * Level 3.2 Shapeshifting


You had 3 spell levels left.
You didn't know any spells.
Your spell library was empty.

Dungeon Overview and Level Annotations

Branches:
Dungeon (2/15)

Altars:

Shops:
D:1 (*[?


Innate Abilities, Weirdness & Mutations

You are a hulking beast.
Your limbs bulge with bestial killing power. (Slay +1)
You are partially covered in large bone plates. (SH +4)
You have a small tail.


Message History

A gnoll comes into view. It is wielding a +0 whip.
The gnoll moves out of view.
The gnoll misses you. The gnoll completely misses you.
You block the gnoll's attack. The gnoll attacks as it pursues you!
The gnoll barely misses you. The gnoll closely misses you.
The gnoll hits you from afar with a +0 spear.
You hit the gnoll.
The gnoll is moderately wounded.
The gnoll closely misses you. You block the gnoll's attack.
You hit the gnoll.
The gnoll is severely wounded.
You block the gnoll's attack. The gnoll closely misses you.
You hit the gnoll but do no damage.
The gnoll is severely wounded.
The gnoll hits you with a +0 flail! The gnoll closely misses you.
You closely miss the gnoll.
The gnoll is severely wounded.
The gnoll closely misses you. The gnoll completely misses you.
You punch the gnoll!
You kill the gnoll!
The gnoll misses you.
Your Dodging skill increases to level 2!
You have reached level 4!
You feel stronger. The gnoll hits you with a +0 spear.
Things that are here:
a +0 flail; a gnoll corpse You hit the gnoll.
The gnoll is moderately wounded.
The gnoll hits you with a +0 spear.
You hit the gnoll.
The gnoll is severely wounded.
The gnoll hits you with a +0 spear!
* * * LOW HITPOINT WARNING * * *
You hit the gnoll.
The gnoll is almost dead.
The gnoll hits you with a +0 spear.
You die...

#.# #. #....... #.# #.# #.......
#.# #.# #....... #.# #.#
#.......
#.#########.#####....... #
#...................)... ##.
##.#######.............. #..
######.########.............
#...#........ggh.....######..###
##...#.##.....#######.# #..#
..$..g..#.....# #.# #..#
............).# #.# #..#
........#.....# #.# #..###
##............... ..# #.....
#...#.......#### ### ##.###
#...####.#### #.# #### #.# #.#


You could see 2 gnolls.

Vanquished Creatures
  An adder (D:2)
  A gnoll (D:2)
  A ribbon worm (D:2)
  6 bats
  9 endoplasms
  3 giant cockroaches (D:2)
  5 goblins
  3 hobgoblins
  4 ball pythons (D:1)
  3 frilled lizards
  7 kobolds
  A rat (D:1)
44 creatures vanquished.

Notes
Turn   | Place    | Note
-------+----------+-------------------------------------------
     0 | D:1      | gelatine the Demonspawn Shapeshifter began the quest for
                  | the Orb.
     0 | D:1      | Reached XP level 1. HP: 15/15 MP: 1/1
    47 | D:1      | Found Bagru's Antique Armour Boutique.
    48 | D:1      | Found Asaq's General Store.
    55 | D:1      | Found Tokh's Weapon Boutique.
   180 | D:1      | Gained mutation: You are partially covered in large bone
                  | plates. (SH +4) [demonic ancestry]
   180 | D:1      | Reached XP level 2. HP: 20/21 MP: 2/2
   375 | D:1      | Found Lenge's Magic Scroll Boutique.
  1144 | D:2      | Gained mutation: You have a small tail. [demonic ancestry]
  1144 | D:2      | Reached XP level 3. HP: 25/26 MP: 3/3
  1689 | D:2      | Reached XP level 4. HP: 19/32 MP: 4/4
  1692 | D:2      | Slain by a gnoll

Illustrated notes

Levels and vault maps discovered:
D:1:      dpeg_arrival_shrine, layout_basic, serial_shops,
          nicolae_shop_bloodbath_and_beyond, shop, nicolae_shop_back_alley_shop,
          shop, serial_aquarium, aquarium_bridge_straight
          [aquarium_subvault_bridge, aquarium_subvault_window,
          aquarium_subvault_bridge, aquarium_subvault_window],
          aquarium_bridge_straight [aquarium_subvault_bridge,
          aquarium_subvault_window, aquarium_subvault_bridge,
          aquarium_subvault_window], aquarium_window_3, aquarium_window_corner,
          aquarium_window_1, aquarium_window_corner, aquarium_view_2e,
          aquarium_balcony_3b, aquarium_pool_side
D:2:      layout_loops_ring, uniq_sigmund

Skill      XL: |  1  2  3 |
---------------+----------+-----
Unarmed Combat | 3 |  3.4
Shapeshifting  | 3 |  3.2
Dodging        | 2 |  2.0
Fighting       | |  1.5
Stealth        | |  0.7
Shields        | |  0.6

Action                     |  1- 3 |  4- 6 || total
---------------------------+-------+-------++-------
  Melee: Unarmed           |   106 |     3 ||   109
         Punch             |     2 |       ||     2
         Tailslap          |    10 |       ||    10
   Stab: Sleeping          |     4 |       ||     4
 Armour: Animal skin       |    50 |     4 ||    54
  Dodge: Dodged            |    72 |       ||    72
  Block: Other             |    16 |       ||    16
